 Dungeon Crawl Stone Soup version bcrawl-1.40.3b (webtiles) character file.

Game seed: 13290490524937095091

354281 Finalfun the Spear-Bearer (level 12, 0/96 HPs)
             Began as a Minotaur Archaeologist on Mar 17, 2024.
             Was a High Priest of Okawaru.
             Slain by a hog (10 damage)
             ... led by Kirke
             ... on level 3 of the Lair of Beasts.
             The game lasted 00:35:48 (14892 turns).

Finalfun the Spear-Bearer (Minotaur Archaeologist) Turns: 14892, Time: 00:35:49

Health: 0/96       AC:  0    Str: 22    XL:     12   Next: 38%
Magic:  18/18      EV: 15    Int: 11    God:    Okawaru [*****.]
Gold:   662        SH:  0    Dex:  8    Spells: 11/11 levels left

rFire    . . .     GDR:     19%   - Teeth (10.2)
rCold    . . .     SeeInvis .   (shield currently unavailable)
rNeg     . . .     Gourm    .   (armour currently unavailable)
rPois    .         Faith    .   (helmet currently unavailable)
rElec    .         Spirit   .   (cloak currently unavailable)
rCorr    .         Reflect  .   (gloves currently unavailable)
MR       .....                  (boots currently unavailable)
Stlth    ++........             k - amulet of rage
HPRegen  0.26/turn              (ring currently unavailable)
MPRegen  0.16/turn              (ring currently unavailable)

@: pig-form, very slightly contaminated, very quick
A: small, (retaliatory headbutt)
a: Heroism, Finesse, Renounce Religion, Evoke Berserk Rage


You were on level 3 of the Lair of Beasts.
You worshipped Okawaru.
Okawaru was extremely pleased with you.
You were hungry.
You were a filthy swine.
You visited 3 branches of the dungeon, and saw 13 of its levels.
You also visited: Volcano.

You collected 1061 gold pieces.
You spent 399 gold pieces at shops.

Inventory:

Hand Weapons
 b - a +0 blowgun
 G - the +6 broad axe of the Vestibule of Hell {chop, +Blink MP+9 Str-5}
   (You found it on level 1 of the Lair of Beasts)

   It will always inflict at least some extra damage.
   This minimum extra damage increases with your current reserve of magical
   power.
   It affects your strength (-5).
   It affects your magic capacity (+9).
   It lets you blink.
 N - a +2 trident of venom (melded)
 T - a +2 fustibalus of flaming
 U - a +1 lajatang of flaming
Missiles
 f - 6 curare-tipped needles
 o - 287 poisoned tomahawks (quivered)
 E - 3 throwing nets {=f}
 J - 25 poisoned needles
Armour
 d - a +0 cloak of fire resistance (melded)
 h - the +6 buckler of the Storm King (melded) {+Inv Str-2 Dex+3}
   (You acquired it on level 3 of the Dungeon)

   It affects your strength (-2).
   It affects your dexterity (+3).
   It lets you turn invisible.
 m - a +1 pair of boots (melded)
 B - a +0 pair of gloves (melded)
 R - a +2 plate armour of fire resistance (melded)
 S - a +2 hat of see invisible (melded)
Jewellery
 k - an amulet of rage (around neck)
 F - an uncursed ring of flight
 K - the ring of Kingiakh (melded) {rElec MR+ Int+3 Slay+2}
   (You bought it in a shop on level 8 of the Dungeon)

   [ring of intelligence]

   It affects your intelligence (+3).
   It affects your accuracy and damage with ranged weapons and melee attacks
   (+2).
   It insulates you from electricity.
   It affects your resistance to hostile enchantments.
 M - a cursed amulet of the gourmand {unknown}
 W - a +3 amulet of reflection {unknown}
Wands
 u - a wand of paralysis (11)
 y - a wand of scattershot (10)
 C - a wand of disintegration (23)
 L - a wand of digging (4)
Scrolls
 a - 6 scrolls of teleportation
 g - a scroll of revelation
 j - 5 scrolls of immolation
 l - 3 scrolls of fear {unknown}
 n - 5 scrolls of remove curse
 r - 2 scrolls of amnesia {unknown}
 s - 4 scrolls of blinking {unknown}
 v - a scroll of enchant weapon {unknown}
 x - 4 scrolls of enchant armour {unknown}
 H - 4 scrolls of fog
 V - a scroll of silence {unknown}
Potions
 c - 2 potions of lignification
 p - 4 potions of curing
 q - 2 potions of ambrosia
 t - 3 potions of flight
 w - 3 potions of berserk rage
 z - a potion of heal wounds
 A - 4 potions of agility
 D - 2 potions of magic
 O - 2 potions of might
 P - 2 potions of mutation
Comestibles
 e - 15 rations {!d}


   Skills:
 - Level 6.0 Fighting
   Level 6.6 Short Blades
   Level 1.2 Maces & Flails
 + Level 13.5 Polearms
 - Level 8.0 Armour
 - Level 4.0 Dodging
 - Level 2.6 Stealth
 - Level 6.0 Shields
 - Level 6.0 Invocations
 - Level 10.0 Evocations


You had 11 spell levels left.
You didn't know any spells.
Your spell library contained the following spells:

 Spells                   Type           Power        Failure   Level  Hunger
 Throw Frost              Conj/Ice       #.....       21%         2    ####...
 Apportation              Tloc           #.....       34%         1    None
 Corona                   Hex            #......      34%         1    None
 Freeze                   Ice            #.....       34%         1    None
 Sandblast                Erth           #.....       34%         1    None
 Summon Butterflies       Summ           #.......     34%         1    None
 Passwall                 Tmut/Erth      #.......     47%         2    ####...
 Shackle                  Hex            #.......     47%         2    ####...
 Beckoning                Tloc           #.........   71%         3    #####..
 Call Canine Familiar     Summ           #.......     71%         3    #####..
 False Image              Hex/Summ       #.......     71%         3    #####..
 Inner Flame              Hex/Fire       N/A          71%         3    #####..
 Ozocubu's Armour         Chrm/Ice       #.......     71%         3    #####..
 Stone Arrow              Conj/Erth      #.....       71%         3    #####..
 Tukima's Dance           Hex            #.......     71%         3    #####..
 Cause Fear               Hex            #.........   98%         4    ######.
 Ice Form                 Ice/Tmut       #.......     98%         4    ######.
 Petrify                  Tmut/Erth      #.........   98%         4    ######.
 Summon Ice Beast         Ice/Summ       #.......     98%         4    ######.
 Throw Icicle             Conj/Ice       #.......     98%         4    ######.
 Yara's Violent Unravell  Hex/Tmut       #.........   98%         4    ######.
 Lee's Rapid Deconstruct  Erth           #.........   100%        5    #######
 Summon Mana Viper        Hex/Summ       #.......     100%        5    #######
 Deflect Missiles         Chrm/Air       #.........   100%        6    #######
 Invisibility             Hex            #.......     100%        6    #######
 Summon Hydra             Summ           #.........   100%        6    #######
 Monstrous Menagerie      Summ           #.........   100%        7    #######
 Scorpion Form            Tmut/Pois      #.........   100%        7    #######


Dungeon Overview and Level Annotations

Branches:
Dungeon (9/12)             Temple (1/1) D:5            Lair (3/6) D:9
  Swamp (0/3) Lair:3        Snake (0/3) Lair:3          Orc (0/1) D:9

Altars:
Ashenzari
Cheibriados
Dithmenos
Elyvilon
Fedhas
Gozag
Hepliaklqana
Kikubaaqudgha
Lugonu
Makhleb
Nemelex Xobeh
Okawaru
Qazlal
Ru
Sif Muna
Trog
Uskayaw
Vehumet
Wu Jian
Xom
Yredelemnul
Zin
The Shining One
Jiyva

Shops:
D:7 (   D:8 ==[:   D:9 :

Annotations:
D:9 3 runed translucent doors, yrara's ghost, novice DsFi
Lair:3 3 runed translucent doors, Kirke; Nefuv's ghost, journeyman MiBe


Innate Abilities, Weirdness & Mutations

((You reflexively headbutt those who attack you in melee.))
((You have a pair of horns on your head.))


Message History

Kirke misses you.
You feel much better. The hog closely misses you. The hog misses you.
The hog bites you! x2
* * * LOW HITPOINT WARNING * * *
The hog bites you!
* * * LOW HITPOINT WARNING * * *
Kirke casts a spell.
Kirke summons some harpies!
Okay, then.
You feel much better. The harpy barely misses you. The harpy claws you.
The hog bites you. The hog closely misses you. The hog bites you!
* * * LOW HITPOINT WARNING * * *
The hog bites you.
* * * LOW HITPOINT WARNING * * *
The hog bites you.
* * * LOW HITPOINT WARNING * * *
Kirke hits you.
* * * LOW HITPOINT WARNING * * *
The hog bites you!
You die...

........###P..+W....P
..............#DW..≈#
........#.....##≈.♣##
........##.....#######
.......###...........
.......# #.........###
......####......H....###
...... ##......hhh.P...#
..#.# #.......hh@##
#P.......#H#
#P......#### ##.....##
##.....## #....###
##...## #..##.# ####.##


You could see Kirke, 2 harpies and 4 hogs.

Vanquished Creatures
  A fire dragon (Volcano)
  Harold (Lair:1)
  The ghost of Mrcake the Cleaver, a novice MiBe of Trog (Lair:1)
  A centaur warrior (D:9)
  5 lindwurms (Volcano)
  3 black mambas
  2 smoke demons (Volcano)
  4 cane toads
  A kobold demonologist (D:9)
  A komodo dragon (Lair:2)
  A tengu conjurer (D:9)
  A troll (D:7)
  4 hippogriffs
  A wraith (D:9)
  A wyvern (Lair:1)
  Eustachio (D:6)
  9 yaks
  A basilisk (Lair:3)
  2 steam dragons (Volcano)
  5 vampire mosquitoes (Lair:3)
  Edmund (D:6)
  An acid dragon (D:7)
  A two-headed ogre zombie (D:9)
  2 water moccasins (Lair:1)
  5 crocodiles
  3 nagas (Lair:3)
  Duvessa (D:7)
  2 porcupines
  2 ice beasts
  2 hornet zombies
  3 sky beasts
  A black bear (D:7)
  5 orc warriors
  6 phantoms
  2 ogres
  10 wolves (Lair:1)
  Blork the orc (D:6)
  4 kobold brigands
  8 bullfrogs
  2 gnoll sergeants
  Dowan (D:7)
  5 scorpions
  2 troll zombies (D:9)
  A howler monkey (D:4)
  6 orc priests
  2 electric eels (Lair:3)
  2 crimson imps
  2 bullfrog skeletons
  6 hounds
  5 jellies
  9 orc wizards
  An iguana (D:9)
  6 worker ants
  5 ogre zombies (D:9)
  3 hound skeletons
  Robin (D:4)
  20 gnolls
  14 adders
  An ooze (D:2)
  2 adder zombies
  An adder skeleton (D:3)
  3 worms
  6 leopard geckos
  36 orcs
  4 bats
  9 giant cockroaches
  18 goblins
  8 hobgoblins
  6 jackals
  17 kobolds
  7 quokkas
  8 frilled lizards
  2 goblin skeletons (D:9)
  2 goblin zombies (D:9)
  A hobgoblin skeleton (D:9)
  A hobgoblin zombie (D:9)
  A jackal skeleton (D:5)
  6 orc skeletons (D:9)
  13 orc zombies (D:9)
  A quokka skeleton (D:5)
  4 rats
  A plant (D:2)
357 creatures vanquished.

Vanquished Creatures (others)
  3 fungi
  3 plants
6 creatures vanquished.

Grand Total: 363 creatures vanquished

Notes
Turn   | Place    | Note
-------+----------+-------------------------------------------
     0 | D:1      | Finalfun the Minotaur Archaeologist began the quest for the
                  | Orb.
     0 | D:1      | Reached XP level 1. HP: 16/16 MP: 0/0
   135 | D:1      | Reached XP level 2. HP: 21/24 MP: 1/1
   735 | D:2      | Reached XP level 3. HP: 25/30 MP: 2/2
   891 | D:2      | Found a faded altar of an unknown god.
   985 | D:2      | Reached skill level 1 in Short Blades
  1485 | D:3      | Reached XP level 4. HP: 38/38 MP: 3/3
  1591 | D:3      | Reached XP level 5. HP: 36/46 MP: 4/4
  1591 | D:3      | Identified a scroll of acquirement
  1633 | D:3      | Identified the +6 buckler of the Storm King {+Inv Str-2
                  | Dex+3} (You acquired it on level 3 of the Dungeon)
  1633 | D:3      | Identified the amulet of Wuamovim {Reflect *Corrode rElec
                  | rPois Str+3 SH+2} (You acquired it on level 3 of the
                  | Dungeon)
  1658 | D:3      | Found a glowing golden altar of the Shining One.
  1910 | D:3      | Reached skill level 1 in Shields
  2164 | D:3      | Reached XP level 6. HP: 48/55 MP: 5/5
  2170 | D:3      | Reached skill level 5 in Fighting
  2717 | D:4      | Noticed a sky beast
  2766 | D:4      | Killed a sky beast
  2987 | D:4      | Found a white marble altar of Elyvilon.
  3120 | D:4      | Reached XP level 7. HP: 62/62 MP: 6/6
  3143 | D:4      | Noticed a hippogriff
  3163 | D:4      | Killed a hippogriff
  3164 | D:4      | Reached skill level 1 in Evocations
  3287 | D:4      | Reached skill level 5 in Short Blades
  3485 | D:4      | Reached XP level 8. HP: 39/70 MP: 8/8
  3599 | D:4      | Reached skill level 5 in Shields
  3711 | D:4      | Noticed Robin
  3742 | D:4      | Killed Robin
  4324 | D:5      | Entered Level 5 of the Dungeon
  4802 | D:5      | Reached skill level 1 in Polearms
  4900 | D:5      | Reached skill level 2 in Polearms
  4927 | D:5      | Found a staircase to the Ecumenical Temple.
  5163 | Temple   | Entered the Ecumenical Temple
  5397 | Temple   | Became a worshipper of Warmaster Okawaru
  5472 | D:6      | Reached skill level 3 in Polearms
  5603 | D:6      | Reached XP level 9. HP: 62/75 MP: 11/11
  5663 | D:6      | Reached skill level 4 in Polearms
  5663 | D:6      | Reached skill level 5 in Evocations
  5787 | D:6      | Reached * piety under Okawaru
  5792 | D:6      | Reached skill level 5 in Polearms
  5798 | D:6      | Noticed Blork the orc
  5805 | D:6      | Killed Blork the orc
  5842 | D:6      | Reached skill level 6 in Polearms
  5842 | D:6      | Reached skill level 1 in Armour
  6015 | D:6      | Noticed Edmund
  6022 | D:6      | Killed Edmund
  6023 | D:6      | Reached skill level 1 in Invocations
  6072 | D:6      | Noticed Eustachio
  6078 | D:6      | Killed Eustachio
  6149 | D:6      | Found a bloodstained altar of Trog.
  6620 | D:7      | Found Zolam's Weapon Shop.
  6930 | D:7      | Noticed a troll
  6939 | D:7      | Killed a troll
  7001 | D:7      | Reached ** piety under Okawaru
  7232 | D:7      | Found an opulent altar of Gozag.
  7239 | D:7      | Reached skill level 5 in Armour
  7476 | D:7      | Noticed Dowan
  7479 | D:7      | Noticed Duvessa
  7482 | D:7      | Killed Dowan
  7491 | D:7      | Killed Duvessa
  7492 | D:7      | Reached XP level 10. HP: 83/83 MP: 13/13
  7982 | D:8      | Found Oceon's Jewellery Shop.
  7985 | D:8      | Bought the ring of Kingiakh {rElec MR+ Int+3 Slay+2} for
                  | 399 gold pieces
  8000 | D:8      | Found Gokoeg's Jewellery Boutique.
  8163 | D:8      | Found Neuckij's Book Shop.
  8457 | D:8      | Found Aduag's Antique Armour Shop.
  8575 | D:9      | Reached *** piety under Okawaru
  8592 | D:9      | Reached skill level 5 in Invocations
  8626 | D:9      | Found Lateby's Book Shoppe.
  8706 | D:9      | Found a staircase to the Lair.
  8880 | D:9      | Found a runed translucent gate.
  8880 | D:9      | Found a runed translucent gate.
  8881 | D:9      | Found a runed translucent gate.
  8970 | D:9      | Noticed an orange demon
  8973 | D:9      | Reached skill level 7 in Polearms
  9004 | D:9      | Noticed yrara's ghost (novice DsFi)
  9055 | D:9      | Found a staircase to the Orcish Mines.
  9590 | D:9      | Noticed a centaur warrior
  9598 | D:9      | Killed a centaur warrior
  9598 | D:9      | Reached **** piety under Okawaru
  9777 | Lair:1   | Entered Level 1 of the Lair of Beasts
  9788 | Lair:1   | Reached XP level 11. HP: 89/89 MP: 15/15
  9807 | Lair:1   | Reached skill level 8 in Polearms
 10235 | Lair:1   | Noticed Harold
 10263 | Lair:1   | Killed Harold
 10472 | Lair:1   | Found a runed translucent gate.
 10473 | Lair:1   | Found a runed translucent gate.
 10473 | Lair:1   | Noticed a death ooze
 10474 | Lair:1   | Found a runed translucent gate.
 10475 | Lair:1   | Noticed Mrcake's ghost (novice MiBe)
 10504 | Lair:1   | Reached skill level 9 in Polearms
 10509 | Lair:1   | Reached ***** piety under Okawaru
 11377 | Lair:1   | Found a viscous altar of Jiyva.
 11666 | Lair:1   | Killed Mrcake's ghost
 11797 | Lair:1   | Got a buzzing broad axe
 11820 | Lair:1   | Identified the +6 broad axe of the Vestibule of Hell {chop,
                  | +Blink MP+9 Str-5} (You found it on level 1 of the Lair of
                  | Beasts)
 12009 | Lair:2   | Reached skill level 10 in Polearms
 12020 | Lair:2   | Found a dark tunnel.
 12057 | Volcano  | Entered a volcano
 12203 | Volcano  | Noticed a lindwurm
 12215 | Volcano  | Killed a lindwurm
 12317 | Volcano  | Noticed a lindwurm
 12439 | Volcano  | Noticed a lindwurm
 12459 | Volcano  | Killed a lindwurm
 12561 | Volcano  | Killed a lindwurm
 12561 | Volcano  | Received a gift from Okawaru
 12637 | Volcano  | Noticed a lindwurm
 12637 | Volcano  | Noticed a lindwurm
 12682 | Volcano  | Killed a lindwurm
 12683 | Volcano  | Reached skill level 11 in Polearms
 12686 | Volcano  | Killed a lindwurm
 12788 | Volcano  | Noticed a fire dragon
 12802 | Volcano  | Killed a fire dragon
 12803 | Volcano  | Reached skill level 10 in Evocations
 12803 | Volcano  | Reached XP level 12. HP: 96/96 MP: 10/18
 13192 | Lair:2   | Reached skill level 12 in Polearms
 14182 | Lair:3   | Found a staircase to the Swamp.
 14372 | Lair:3   | Reached skill level 13 in Polearms
 14476 | Lair:3   | Found a staircase to the Snake Pit.
 14838 | Lair:3   | Found a runed translucent gate.
 14838 | Lair:3   | Found a runed translucent gate.
 14838 | Lair:3   | Noticed an 11-headed hydra
 14839 | Lair:3   | Found a runed translucent gate.
 14839 | Lair:3   | Noticed Nefuv's ghost (journeyman MiBe)
 14839 | Lair:3   | Noticed an 11-headed hydra
 14873 | Lair:3   | Noticed Kirke
 14892 | Lair:3   | Slain by a hog

Skill      XL: |  1  2  3  4  5  6  7  8  9 10 11 12 |
---------------+-------------------------------------+-----
Fighting       | 2 3 4 5 6 |  6.0
Dodging        | 4 |  4.0
Short Blades   | 1 2 3 4 5 6 |  6.6
Shields        | 2 3 4 6 |  6.0
Evocations     | 2 4 6 7 10 | 10.0
Polearms       | 3 6 7 11 13 | 13.5
Armour         | 5 7 8 |  8.0
Invocations    | 3 6 |  6.0
Maces & Flails | |  1.2
Stealth        | |  2.6

Action                   |  1- 3 |  4- 6 |  7- 9 | 10-12 || total
-------------------------+-------+-------+-------+-------++-------
Melee: Whip              |    60 |       |       |       ||    60
       Headbutt          |    27 |    32 |   101 |   109 ||   269
       Dagger            |   133 |   228 |   303 |       ||   664
       Spear             |       |       |   301 |   206 ||   507
       Trident           |       |       |       |   531 ||   531
       Unarmed           |       |       |       |    10 ||    10
Throw: Tomahawk          |       |       |    19 |    17 ||    36
Invok: Heroism           |       |       |       |     7 ||     7
       Finesse           |       |       |       |     2 ||     2
 Abil: Evoke Berserk Rag |       |       |     1 |     4 ||     5
       Evoke Invisibilit |       |       |       |     1 ||     1
  Use: Scroll            |       |     7 |     4 |     8 ||    19
       Potion            |       |       |     2 |     4 ||     6
 Stab: Sleeping          |     3 |     2 |       |       ||     5
       Distracted        |     1 |       |     1 |       ||     2
  Eat: Chunk             |     3 |     9 |    26 |    37 ||    75
       Ration            |       |       |       |     2 ||     2
Armor: Robe              |    55 |    27 |    22 |       ||   104
       Scale mail        |       |       |    37 |       ||    37
       Chain mail        |       |       |    30 |   190 ||   220
       Plate armour      |       |       |       |    37 ||    37
Dodge: Dodged            |   125 |    59 |   101 |   130 ||   415
Block: Buckler           |       |    57 |   202 |   320 ||   579
